 Dungeon Crawl Stone Soup version 0.29.1-13-g9f3cf754e1 (console) character file.

Game seed: 9701116194739697157

11 shmup the Trooper (level 2, -2/27 HPs)
             Began as a Minotaur Berserker on Feb 9, 2023.
             Was a Follower of Trog.
             Succumbed to an adder's poison
             ... on level 2 of the Dungeon.
             The game lasted 00:02:25 (991 turns).

shmup the Trooper (Minotaur Berserker)               Turns: 991, Time: 00:02:26

Health: -2/27      AC:  2    Str: 21    XL:     2   Next: 13%
Magic:  1/1        EV: 12    Int:  4    God:    Trog [*.....]
Gold:   55         SH:  0    Dex:  9    Spells: 1/1 levels left

rFire   . . .      SeeInvis .   a - +0 hand axe
rCold   . . .      Faith    .   (no shield)
rNeg    . . .      Spirit   .   b - +0 animal skin
rPois   .          Reflect  .   (helmet restricted)
rElec   .          Harm     .   (no cloak)
rCorr   .          Rampage  .   (no gloves)
Will    .....                   (no boots)
Stlth   +.........              (no amulet)
HPRegen 0.09/turn               (no ring)
MPRegen 0.07/turn               (no ring)

@: lethally poisoned (-2 -> -15)
A: horns 2, retaliatory headbutt
a: Renounce Religion, Berserk


You were on level 2 of the Dungeon.
You worshipped Trog.
Trog was aware of your devotion.
You visited 1 branch of the dungeon, and saw 2 of its levels.

You collected 55 gold pieces.

Inventory:

Hand Weapons
 a - a +0 hand axe (weapon)
Missiles
 d - 12 stones (quivered)
 f - 5 poisoned darts
Armour
 b - a +0 animal skin (worn)
Scrolls
 c - a scroll of identify {unknown}
 j - a scroll of amnesia {unknown}
Potions
 e - 2 potions of heal wounds {unknown}
 g - a potion of magic {unknown}
 h - a potion of degeneration {unknown}
 i - a potion of might {unknown}
 k - a potion of attraction {unknown}


   Skills:
 + Level 3.9 Fighting
 + Level 3.8 Axes
 + Level 2.7 Armour
 + Level 2.4 Dodging


You had one spell level left.
You didn't know any spells.
Your spell library contained the following spells:

 Spells                   Type           Power      Damage    Failure   Level
 Scorch                   Fire           0%         2d5       65%         2
 Flame Wave               Conj/Fire      0%         2d4       99%         4
 Summon Cactus Giant      Summ           0%         N/A       100%        6


Dungeon Overview and Level Annotations

Branches:
Dungeon (2/15)

Altars:


Innate Abilities, Weirdness & Mutations

You have a pair of horns on your head.
You reflexively headbutt those who attack you in melee.


Message History

The adder is lightly wounded.
The adder bites you.
You miss the adder.
The adder is lightly wounded.
The adder bites you. The adder barely misses you.
You hit the adder but do no damage. Your headbutt misses the adder.
The adder is lightly wounded.
The adder misses you.
You closely miss the adder.
The adder is lightly wounded.
The adder completely misses you.
You hit the adder.
The adder is heavily wounded.
The adder bites you.
* * * LOW HITPOINT WARNING * * *
You are poisoned.
The adder poisons you! The adder bites you.
* * * LOW HITPOINT WARNING * * *
You closely miss the adder. You headbutt the adder.
The adder is almost dead.
You feel sick. The adder bites you but does no damage.
You miss the adder.
You headbutt the adder, but do no damage.
The adder is almost dead.
You feel sick. The adder bites you.
* * * LOW HITPOINT WARNING * * *
You are lethally poisoned!
The adder poisons you! The adder bites you.
* * * LOW HITPOINT WARNING * * *
You barely miss the adder.
The adder is almost dead.
* * * LOW HITPOINT WARNING * * *
You feel sick. The adder bites you.
* * * LOW HITPOINT WARNING * * *
You are more poisoned.
The adder poisons you!
You slash the adder!
You kill the adder!
Trog accepts your kill.
You die...

▒▒▒▒▒▒▒..▒▒.▒.%....
▒▒▒▒......▒▒▒.▒..▒.▒▒
▒▒....▒▒▒▒▒▒ ▒.▒..▒...
▒▒▒▒>.▒▒▒▒ ▒.▒..▒▒▒▒
▒......▒ ▒.▒..▒...
▒......▒ ▒.▒....).
▒......▒ ▒.▒...<▒▒
▒......▒▒▒▒▒▒▒▒▒▒.▒.▒...▒
▒▒..............▒.▒.▒.▒.▒
▒.▒.▒▒▒▒......▒▒.▒.▒.<.▒
▒.▒.▒..H.<.[...▒.▒.▒...▒
▒.▒.▒.▒........▒ ▒.▒....
▒.▒.▒ ▒........▒ ▒......
▒. ▒........▒ ▒......
▒.▒▒▒▒▒▒▒▒ ▒▒..... ... ..
▒....▒ ▒>▒ ▒....▒ ..▒
▒..... ▒..... ▒▒▒▒.. ▒..


There were no monsters in sight!

Vanquished Creatures
  An adder (D:2)
  A worm (D:2)
  3 bats (D:1)
  An endoplasm (D:1)
  A ball python (D:2)
  2 frilled lizards (D:1)
  2 kobolds
11 creatures vanquished.

Notes
Turn   | Place    | Note
-------+----------+-------------------------------------------
     0 | D:1      | shmup the Minotaur Berserker began the quest for the Orb.
     0 | D:1      | Reached XP level 1. HP: 19/19 MP: 0/0
   941 | D:2      | Reached XP level 2. HP: 27/27 MP: 1/1
   990 | D:2      | HP: 1/27 [adder (2)]
   991 | D:2      | Succumbed to an adder's poison

Illustrated notes

Levels and vault maps discovered:
D:1:      saegor_arrival_miasma, layout_basic
D:2:      layout_basic, serial_co_window_serial, co_window_paths_b,
          co_window_of_opportunity_a, co_window_of_opportunity_a,
          co_window_corner_a, co_window_corner_a, co_window_unsneaky_path_d,
          co_window_corner_b, co_window_corner_ca, co_window_2corner,
          co_window_corner_cb

Action                   || total
-------------------------++-------
Melee: Hand axe          ||    28
       Headbutt          ||     4
Armor: Animal skin       ||     5
Dodge: Dodged            ||    15
